 Dungeon Crawl Stone Soup version 0.29.0-4-gdea44cf6ec (webtiles) character file.

Game seed: 8475780431170262781

71 qw the Sneak (level 4, -5/36 HPs)
             Began as a Ghoul Enchanter on Sept 8, 2022.
             Killed from afar by Sigmund (15 damage)
             ... with a bolt of light
             ... on level 3 of the Dungeon.
             The game lasted 00:00:53 (2413 turns).

qw the Sneak (Ghoul Enchanter)                      Turns: 2413, Time: 00:00:53

Health: -5/36      AC: 14    Str: 13    XL:     4   Next: 24%
Magic:  5/5        EV: -1    Int:  7    God:
Gold:   609        SH:  0    Dex:  9    Spells: 6/6 levels left

rFire   + . .      SeeInvis .   Y - +2 broad axe (vorpal)
rCold   + . .      Faith    .   (no shield)
rNeg    + + +      Spirit   .   a - +0 crystal plate armour of Limited Liability {rPois rF+ Int-3}
rPois   inf        Reflect  .   (no helmet)
rElec   .          Harm     .   (no cloak)
rCorr   .          Rampage  .   (no gloves)
Will    .....                   (no boots)
Stlth   ..........              (no amulet)
HPRegen 0.00/turn               (no ring)
MPRegen 0.09/turn               (no ring)

@: confused, inhibited regen
A: claws 1, cold resistance 1, negative energy resistance 3, inhibited
regeneration, torment resistance 2, devour on kill
a: no special abilities


You were on level 3 of the Dungeon.
You visited 1 branch of the dungeon, and saw 3 of its levels.

You collected 735 gold pieces.
You spent 126 gold pieces at shops.


Innate Abilities, Weirdness & Mutations

You are immune to poison.
You have sharp fingernails.
Your flesh is cold resistant. (rC+)
You are immune to negative energy. (rN+++)
You do not regenerate when monsters are visible.
You are immune to unholy pain and torment.
You thrive by killing the living.


   Skills:
 + Level 1.7 Fighting
 - Level 0.8 Short Blades
 - Level 2.5 Axes
 - Level 1.0 Armour
 - Level 1.7 Dodging
 - Level 3.2 Stealth
 - Level 1.7 Spellcasting
 - Level 2.4 Hexes


You had 6 spell levels left.
You didn't know any spells.
Your spell library contained the following spells:

 Spells                   Type           Power      Damage    Failure   Level
 Ensorcelled Hibernation  Hex/Ice        4%         N/A       100%        2
 Confusing Touch          Hex            3%         N/A       100%        3
 Dazzling Flash           Conj/Hex       4%         N/A       100%        3
 Tukima's Dance           Hex            3%         N/A       100%        3

Inventory:

Hand Weapons
 f - a +2 whip of venom
 Y - a +2 vorpal broad axe (weapon)
Missiles
 g - 6 javelins (quivered)
Armour
 a - the +0 crystal plate armour of Limited Liability (worn) {rPois rF+ Int-3}
   (You acquired it on level 1 of the Dungeon)

   Int:       It affects your intelligence (-3).
   rF:        It protects you from fire.
   rPois:     It protects you from poison.
Scrolls
 b - a scroll of identify
 d - a scroll of vulnerability {unknown}
Potions
 c - a potion of mutation {unknown}
 e - 2 potions of curing {unknown}

Dungeon Overview and Level Annotations

Branches:
Dungeon (3/15)

Altars:

Shops:
D:2 (

Annotations:
D:3 Sigmund


Message History

You start waiting.
Done waiting.
g - 6 javelins (gained 2)
d - a scroll labelled YFOPAIKACS
Found 6 atropa-tipped darts.
You see here a +0 leather armour.
Sigmund the Dreaded comes into view.
He is wielding a +0 scythe, wearing a +1 robe of the Archmagi and carrying a wand of light (10).
Sigmund shouts!
Sigmund hits you from afar with a +0 scythe.
Sigmund hits you but does no damage.
You slash Sigmund!
Sigmund is heavily wounded.
Sigmund zaps a wand.
The bolt of light hits you.
You are confused.
You closely miss Sigmund.
Sigmund is heavily wounded.
Sigmund hits you with a +0 scythe.
Sigmund points at you and mumbles some strange words.
You are more confused.
Things that are here:
a +0 club; a scroll labelled MUEPYE SATU You barely miss Sigmund.
Sigmund is heavily wounded.
Sigmund hits you but does no damage.
You barely miss Sigmund.
Sigmund is heavily wounded.
Sigmund hits you with a +0 scythe.
Found a scroll labelled ELICRAEFAPN.
Sigmund hits you with a +0 scythe.
You hit Sigmund.
Sigmund is severely wounded.
Sigmund hits you but does no damage.
Sigmund points at you and mumbles some strange words.
You are more confused.
Sigmund attacks as you move away! Sigmund hits you with a +0 scythe!
Sigmund gestures at you while chanting. You resist with some effort.
Sigmund zaps a wand.
The bolt of light hits you!
You are more confused.
You die...

... #..). ... #.<.. ?.
##### . .# . ##.# #.
#..#. ##.###.##.
..#.......#. ## #
........@.#. .# .
........@.#.## ##.#.#
........).#..## #..#. .
.##.......##..#####... .
...........[......... ..
#.........##........# ...
...........##.#####.##.##
#...........#.####.......
..#............%....####


You could see Sigmund.

Vanquished Creatures
  Natasha (D:2)
  An adder (D:2)
  A worm (D:3)
  A dart slug (D:3)
  4 ball pythons
  6 endoplasms
  6 goblins
  2 hobgoblins
  4 kobolds
  A bat (D:1)
  A frilled lizard (D:1)
  3 rats
31 creatures vanquished.

Notes
Turn   | Place    | Note
-------+----------+-------------------------------------------
     0 | D:1      | qw the Ghoul Enchanter began the quest for the Orb.
     0 | D:1      | Reached XP level 1. HP: 14/14 MP: 2/2
     0 | D:1      | 0 ||| qw: Version: 0.1-a-112-g44dc6cd
     0 | D:1      | 0 ||| qw: Game counter: 6766
     0 | D:1      | 0 ||| qw: Always use a shield: true
     0 | D:1      | 0 ||| qw: God list: Okawaru
     0 | D:1      | 0 ||| qw: Allow faded altars: false
     0 | D:1      | 0 ||| qw: Do Orc after D:15 true
     0 | D:1      | 0 ||| qw: Do second Lair branch before Depths: true
     0 | D:1      | 0 ||| qw: Lair rune preference: random
     0 | D:1      | 0 ||| qw: Plans: Normal
     0 | D:1      | 0 ||| PLANNING D:1-11
    65 | D:1      | HP: 3/14 [ball python (2)]
    67 | D:1      | HP: 1/14 [constriction (1)]
   616 | D:1      | 616 ||| SWAPPING to +0 war axe.
   617 | D:1      | 617 ||| DROPPING +1 dagger.
   642 | D:1      | Reached skill level 1 in Axes
   721 | D:1      | Reached XP level 2. HP: 22/22 MP: 3/3
   822 | D:1      | Reached skill level 1 in Fighting
  1061 | D:1      | 1061 ||| READING scroll labelled OCSYMA XESEPS.
  1062 | D:1      | 1062 ||| READING scroll labelled WATUOL BAETECO.
  1063 | D:1      | 1063 ||| READING 3 scrolls labelled ONOACV KIQAY.
  1063 | D:1      | Identified 3 scrolls of acquirement
  1063 | D:1      | 1063 ||| ACQUIRING 589 gold pieces
  1063 | D:1      | Acquired 589 gold pieces
  1065 | D:1      | 1065 ||| READING 2 scrolls of acquirement.
  1065 | D:1      | 1065 ||| ACQUIRING +0 crystal plate armour of Limited
                  | Liability {rPois rF+ Int-3}
  1065 | D:1      | Acquired the +0 crystal plate armour of Limited Liability
                  | {rPois rF+ Int-3}
  1067 | D:1      | 1067 ||| UPGRADING to +0 crystal plate armour of Limited
                  | Liability {rPois rF+ Int-3}.
  1077 | D:1      | 1077 ||| DROPPING +0 robe.
  1078 | D:1      | 1078 ||| READING scroll of acquirement.
  1078 | D:1      | 1078 ||| ACQUIRING +2 broad axe of flaming
  1078 | D:1      | Acquired a +2 broad axe of flaming
  1080 | D:1      | 1080 ||| SWAPPING to +2 broad axe of flaming.
  1081 | D:1      | 1081 ||| DROPPING +0 war axe.
  1082 | D:1      | 1082 ||| READING scroll labelled BYLOLUTSICO.
  1083 | D:1      | 1083 ||| READING scroll labelled IGOERO UCKY.
  1084 | D:1      | 1084 ||| DROPPING 2 potions of invisibility.
  1140 | D:2      | 1140 ||| Stepping ~*~*~tactically~*~*~ (stealth).
  1183 | D:2      | 1183 ||| DROPPING +0 club.
  1218 | D:2      | Found a faded altar of an unknown god.
  1365 | D:2      | Reached skill level 1 in Armour
  1421 | D:2      | Found Baididgh's Antique Weapon Boutique.
  1426 | D:2      | 1426 ||| BUYING glowing whip (126 gold).
  1426 | D:2      | Bought a glowing whip for 126 gold pieces
  1426 | D:2      | 1426 ||| DROPPING +0 whip.
  1436 | D:2      | 1436 ||| Stepping ~*~*~tactically~*~*~ (stealth).
  1560 | D:2      | Reached XP level 3. HP: 26/28 MP: 4/4
  1845 | D:2      | Noticed Natasha
  1846 | D:2      | 1846 ||| Stepping ~*~*~tactically~*~*~ (stealth).
  1944 | D:2      | 1944 ||| Stepping ~*~*~tactically~*~*~ (stealth).
  1945 | D:2      | 1945 ||| Stepping ~*~*~tactically~*~*~ (stealth).
  1946 | D:2      | 1946 ||| Stepping ~*~*~tactically~*~*~ (stealth).
  1958 | D:2      | Killed Natasha
  1959 | D:2      | Reached XP level 4. HP: 23/35 MP: 5/5
  2077 | D:2      | 2077 ||| READING scroll labelled KEGES CYXT.
  2078 | D:2      | 2078 ||| READING scroll labelled UPILI ZA NOE.
  2079 | D:2      | 2079 ||| READING scroll labelled TOLI RYLIXONLY.
  2080 | D:2      | 2080 ||| READING scroll labelled OREKHL TETZI.
  2127 | D:3      | 2127 ||| Stepping ~*~*~tactically~*~*~ (stealth).
  2133 | D:3      | 2133 ||| Stepping ~*~*~tactically~*~*~ (stealth).
  2232 | D:3      | 2232 ||| Stepping ~*~*~tactically~*~*~ (stealth).
  2241 | D:3      | 2241 ||| Stepping ~*~*~tactically~*~*~ (stealth).
  2246 | D:3      | 2246 ||| Stepping ~*~*~tactically~*~*~ (stealth).
  2276 | D:3      | 2276 ||| Stepping ~*~*~tactically~*~*~ (hiding).
  2400 | D:3      | Noticed Sigmund
  2413 | D:3      | Killed from afar by Sigmund

Levels and vault maps discovered:
D:1:      matt_arrival_los_fun, layout_basic
D:2:      layout_basic, serial_shops, nicolae_shop_trees,
          shapermc_ecumenical_altar_rom_forum, uniq_natasha
D:3:      layout_rooms, mainiacjoe_overflow_alcove_2, serial_shops,
          nicolae_shop_bloodbath_and_beyond, kennysheep_orc_chapel, uniq_sigmund

Skill      XL: |  1  2  3 |
---------------+----------+-----
Axes           | 1 2 |  2.5
Fighting       | 1 |  1.7
Armour         | 1 |  1.0
Short Blades   | |  0.8
Dodging        | |  1.7
Stealth        | |  3.2
Spellcasting   | |  1.7
Hexes          | |  2.4

Action                   |  1- 3 |  4- 6 || total
-------------------------+-------+-------++-------
Melee: Dagger            |    14 |       ||    14
       War axe           |    10 |       ||    10
       Broad axe         |    59 |    24 ||    83
Throw: Javelin           |     3 |    10 ||    13
  Use: Scroll            |     7 |     4 ||    11
Armor: Crystal plate arm |    59 |    17 ||    76
       Robe              |     4 |       ||     4
Dodge: Dodged            |    13 |     1 ||    14

Table legend:
 A = Non-vault XP
 B = Vault XP
 C = Vault XP percentage of total XP
 D = Non-vault monster count
 E = Vault monster count
 F = Vault count percentage of total count
                 A         B        C        D         E       F
            +---------+---------+-------+---------+---------+-------
      Total |      66 |      36 |  35.3 |      30 |       1 |   3.2
            +---------+---------+-------+---------+---------+-------
        D:1 |      13 |       0 |   0.0 |       8 |       0 |   0.0
        D:2 |      33 |      36 |  52.2 |      14 |       1 |   6.7
        D:3 |      20 |       0 |   0.0 |       8 |       0 |   0.0
            +---------+---------+-------+---------+---------+-------
